 Dungeon Crawl Stone Soup version 0.27.1-33-g824d729ab1 (webtiles) character file.

Game seed: 14631566048977209938

38 SensoryNuts the Shield-Bearer (level 3, -2/28 (29) HPs)
             Began as a Demonspawn Fighter on Dec 10, 2021.
             Slain by Crazy Yiuf (8 damage)
             ... on level 2 of the Dungeon.
             The game lasted 00:02:04 (1243 turns).

SensoryNuts the Shield-Bearer (Demonspawn Fighter)  Turns: 1243, Time: 00:02:06

HP:   -2/28 (29)    AC:  8    Str: 17    XL:     3   Next: 25%
MP:   3/3           EV:  7    Int:  9    God:
Gold: 85            SH:  9    Dex: 12    Spells: 2/2 levels left

rFire    . . .     SeeInvis .   a - +0 long sword
rCold    . . .     Faith    .   c - +0 kite shield
rNeg     . . .     Spirit   .   b - +0 scale mail
rPois    .         Reflect  .   (no helmet)
rElec    .         Harm     .   (no cloak)
rCorr    .         Rampage  .   (no gloves)
Will     .....                  (no boots)
Stlth    ..........             (no amulet)
HPRegen  0.09/turn              (no ring)
MPRegen  0.08/turn              (no ring)

@: lightly drained
A: slimy green scales 1
a: no special abilities


You were on level 2 of the Dungeon.
You visited 1 branch of the dungeon, and saw 2 of its levels.

You collected 85 gold pieces.

Inventory:

Hand Weapons
 a - a +0 long sword (weapon)
Armour
 b - a +0 scale mail (worn)
 c - a +0 kite shield (worn)
Scrolls
 d - a scroll of fog
 f - a scroll of noise


   Skills:
 + Level 3.2 Fighting
 + Level 2.2 Long Blades
 + Level 2.8 Armour
 + Level 0.4 Dodging
 + Level 3.2 Shields


You had 2 spell levels left.
You didn't know any spells.
Your spell library contained the following spells:

 Spells                   Type           Power      Damage    Failure   Level
 Sandblast                Erth           0%         2d4       99%         1
 Passwall                 Tmut/Erth      0%         N/A       100%        2
 Lee's Rapid Deconstruct  Erth           0%         3d5*      100%        5


Dungeon Overview and Level Annotations

Branches:
Dungeon (1/15)

Altars:
Nemelex Xobeh

Annotations:
D:2 Crazy Yiuf


Innate Abilities, Weirdness & Mutations

You are partially covered in slimy green scales. (AC +2)


Message History

You slash the goblin!
You kill the goblin!
No target in view!
No target in view!
As you open the door, it creaks loudly!
There is an open door here.
There is an open door here.
There is an open door here.
Crazy Yiuf shouts!
Crazy Yiuf yells, "Ghoul fast spinner!"
Key pressed, stopping explore.
There is an open door here.
There is an open door here.
Things that are here:
a +0 short sword; 3 stones
There is an open door here.
There is an open door here.
As you read the scroll labelled YDGHYUM QEYT, it crumbles to dust.
It is a scroll of identify.
f - a scroll of noise
As you read the scroll labelled HORIESTRACOA, it crumbles to dust.
You assume a fearsome visage.
Nothing appears to happen.
It was a scroll of fear.
As you read the scroll labelled IHA VAHIXU, it crumbles to dust.
It is a scroll of amnesia.
You feel forgetful for a moment.
Crazy Yiuf grits, "Rifle testudinal foot!"
You aren't carrying any potions.
You open the door. You hit Crazy Yiuf but do no damage.
Crazy Yiuf hits you with a +4 quarterstaff of chaos.
You feel drained.
You hit Crazy Yiuf.
Crazy Yiuf is lightly wounded.
Crazy Yiuf yells, "Announcement!"
Crazy Yiuf hits you with a +4 quarterstaff of chaos!
Ouch! That really hurt!
* * * LOW HITPOINT WARNING * * *
Crazy Yiuf freezes you!
You die...

#.........##.##......
############.##..)...
###.#####'## #####
#'.>........ #..)#
###.......#. #...#
#######... ... ###.
#g# ####' ##@# #....
#.## #.... ##.# #....
#.## #.... ##.##
##... #...## #...
#....# #######...
#....# #.........
#....######.[.......


You could see Crazy Yiuf.

Vanquished Creatures
  An adder (D:2)
  A worm (D:2)
  4 ball pythons (D:2)
  An endoplasm (D:2)
  A giant cockroach (D:2)
  2 goblins (D:2)
  A hobgoblin (D:2)
  3 jackals (D:2)
  3 kobolds (D:2)
  A quokka (D:2)
  4 bats (D:2)
  2 frilled lizards (D:2)
  A rat (D:2)
  A spectral goblin (D:2)
26 creatures vanquished.

Notes
Turn   | Place    | Note
-------+----------+-------------------------------------------
     0 | D:1      | SensoryNuts the Demonspawn Fighter began the quest for the
                  | Orb.
     0 | D:1      | Reached XP level 1. HP: 18/18 MP: 1/1
   144 | D:1      | You fall into a shaft and drop 1 floor!
   157 | D:2      | Found a sparkling altar of Nemelex Xobeh.
   186 | D:2      | Gained mutation: You are partially covered in slimy green
                  | scales. (AC +2) [demonic ancestry]
   186 | D:2      | Reached XP level 2. HP: 8/24 MP: 2/2
   490 | D:2      | Found a faded altar of an unknown god.
   623 | D:2      | Found a runed translucent door.
   624 | D:2      | Noticed Crazy Yiuf
   798 | D:2      | Reached XP level 3. HP: 27/29 MP: 3/3
  1243 | D:2      | Slain by Crazy Yiuf

Illustrated notes

Levels and vault maps discovered:
D:1:      dpeg_arrival_castle, layout_basic
D:2:      layout_basic, basic_altar, dreamdust_ecumenical_altar_drowned_temple,
          hangedman_decor_slide_cut, interstate_on_off, grunt_ministairs_9,
          grunt_decor_arrowhead, uniq_crazy_yiuf_cottage

Skill      XL: |  1  2 |
---------------+-------+-----
Shields        | 3 |  3.2
Long Blades    | 2 |  2.2
Fighting       | |  3.2
Armour         | |  2.8
Dodging        | |  0.4

Action                   || total
-------------------------++-------
Melee: Long sword        ||    66
  Use: Potion            ||     1
       Scroll            ||     4
Armor: Scale mail        ||    48
Dodge: Dodged            ||    20
Block: Kite shield       ||    51
       Rpst.: Long sword ||     8
